 Dungeon Crawl Stone Soup version 0.23-a0-207-g93a313e (webtiles) character file.

490 galech the Chopper (level 6, 0/48 HPs)
             Began as a Demonspawn Fighter on Sept 24, 2018.
             Succumbed to Edmund's poison
             ... on level 4 of the Dungeon.
             The game lasted 00:04:56 (3757 turns).

galech the Chopper (Demonspawn Fighter)             Turns: 3757, Time: 00:04:57

Health: 0/48       AC: 18    Str: 21    XL:     6   Next: 90%
Magic:  6/6        EV: 13    Int: 14    God:
Gold:   234        SH: 10    Dex: 20    Spells: 5/5 levels left

rFire    . . .     SeeInvis .   a - +1 war axe
rCold    . . .     Gourm    .   c - +0 shield
rNeg     . . .     Faith    .   b - +0 scale mail
rPois    .         Spirit   .   (no helmet)
rElec    .         Reflect  .   h - +2 cloak
rCorr    .         Harm     .   (no gloves)
MR       .....                  l - +1 pair of boots
Stlth    +.........             (no amulet)
HPRegen  0.16/turn              (no ring)
MPRegen  0.10/turn              o - ring of wizardry

@: mighty, brilliant, agile, lethally poisoned (0 -> -13), hasted, very quick
A: iridescent scales 3, powered by pain 1
a: no special abilities


You were on level 4 of the Dungeon.
You were hungry.

You visited 1 branch of the dungeon, and saw 5 of its levels.

You collected 234 gold pieces.

Inventory:

Hand Weapons
 a - a +1 war axe (weapon)
Armour
 b - a +0 scale mail (worn)
 c - a +0 shield (worn)
 h - a +2 cloak (worn)
 l - a +1 pair of boots (worn)
 q - a +0 plate armour
Jewellery
 g - an uncursed ring of ice
 o - a ring of wizardry (right hand)
Wands
 p - a wand of polymorph (9)
Scrolls
 e - 4 scrolls of magic mapping
 j - a scroll of enchant weapon
 k - 2 scrolls of amnesia
 m - a scroll of teleportation {unknown}
 n - 2 scrolls of immolation {unknown}
 r - a scroll of enchant armour
 s - a scroll of fog
 t - 3 scrolls of identify {unknown}
 u - a scroll of noise {unknown}
 v - 2 scrolls of remove curse {unknown}
 y - a scroll of blinking {unknown}
Potions
 x - a potion of agility
Comestibles
 f - 13 rations


   Skills:
 + Level 4.0 Fighting
 + Level 4.6 Axes
 + Level 3.3 Armour
 + Level 1.8 Dodging
 + Level 0.1 Stealth
 + Level 4.0 Shields


You had 5 spell levels left.
You didn't know any spells.
Your spell library was empty.

Dungeon Overview and Level Annotations

Branches:
Dungeon (5/15)
 Temple: D:4-7

Altars:
Cheibriados
Nemelex Xobeh
Uskayaw
Xom
Yredelemnul

Annotations:
D:5 Edmund


Innate Abilities, Weirdness & Mutations

You are completely covered in iridescent scales. (AC +6)
You sometimes gain a little power by taking damage.


Message History

You feel sick.
* * * LOW HITPOINT WARNING * * *
You feel sick.
* * * LOW HITPOINT WARNING * * *
You feel sick.
* * * LOW HITPOINT WARNING * * *
You feel sick.
There is a stone staircase leading up here.
* * * LOW HITPOINT WARNING * * *
You feel sick.
You climb upwards.
* * * LOW HITPOINT WARNING * * *
You feel sick.
There is a stone staircase leading down here.
You feel very mighty all of a sudden.
* * * LOW HITPOINT WARNING * * *
You feel sick.
There is a lethal amount of poison in your body!
Unknown command.
You die...

####......................
#....###.........<.....
#....###......#+#......
####....#.................
#.........................
#.........................
#.........................
#.........................
#........@................
#.........................
##.........................
#..........................
#..........................
#..........................
#..........................
#..........................
#..........................


There were no monsters in sight!

Vanquished Creatures
  A phantom (D:4)
  A scorpion (D:4)
  A howler monkey (D:3)
  3 worker ants
  A hound zombie (D:5)
  8 gnolls
  7 adders
  An ooze (D:5)
  An adder skeleton (D:4)
  A worm (D:2)
  2 dart slugs
  2 leopard geckos
  7 orcs
  7 giant cockroaches
  4 goblins
  8 hobgoblins
  3 jackals (D:3)
  2 quokkas
  3 ball pythons
  6 bats
  3 frilled lizards
  5 kobolds
  10 rats
87 creatures vanquished.

Notes
Turn   | Place    | Note
-------+----------+-------------------------------------------
     0 | D:1      | galech the Demonspawn Fighter began the quest for the Orb.
     0 | D:1      | Reached XP level 1. HP: 18/18 MP: 1/1
   323 | D:1      | Gained mutation: You are partially covered in iridescent
                  | scales. (AC +2) [demonic ancestry]
   323 | D:1      | Reached XP level 2. HP: 17/24 MP: 2/2
   881 | D:2      | Gained mutation: You are mostly covered in iridescent
                  | scales. (AC +4) [demonic ancestry]
   881 | D:2      | Reached XP level 3. HP: 19/29 MP: 3/3
  1716 | D:2      | Reached XP level 4. HP: 28/35 MP: 4/4
  1791 | D:3      | Reached skill level 1 in Dodging
  2030 | D:3      | Gained mutation: You are completely covered in iridescent
                  | scales. (AC +6) [demonic ancestry]
  2030 | D:3      | Reached XP level 5. HP: 42/42 MP: 5/5
  2056 | D:3      | Found a sparkling altar of Nemelex Xobeh.
  2057 | D:3      | Found a shimmering altar of Xom.
  2057 | D:3      | Found a hide-covered altar of Uskayaw.
  2221 | D:3      | Found a basalt altar of Yredelemnul.
  2675 | D:4      | Gained mutation: You sometimes gain a little power by
                  | taking damage. [demonic ancestry]
  2675 | D:4      | Reached XP level 6. HP: 31/48 MP: 6/6
  3339 | D:4      | Found a snail-covered altar of Cheibriados.
  3680 | D:5      | Entered Level 5 of the Dungeon
  3726 | D:5      | Noticed Edmund
  3754 | D:4      | HP: 2/48 [poisoned by Edmund]
  3757 | D:4      | Succumbed to Edmund's poison

Vault maps used:
D:1:      dpeg_arrival_windows_large_door, columned_hall_lemuel
D:2:      first_ration
D:3:      lemuel_crystal_altar, grunt_temple_overflow_open, item_on_display_a
D:4:      kennysheep_slug_shrine
D:5:      trog_eyes_of_draining, uniq_edmund

Skill      XL: |  1  2  3  4  5  6 |
---------------+-------------------+-----
Axes           | 2 3 4 |  4.6
Shields        | 3 4 |  4.0
Armour         | 3 |  3.3
Dodging        | 1 |  1.8
Fighting       | 4 |  4.0
Stealth        | |  0.1

Action                   |  1- 3 |  4- 6 || total
-------------------------+-------+-------++-------
Melee: War axe           |   156 |   230 ||   386
  Use: Scroll            |       |     5 ||     5
       Potion            |       |     5 ||     5
  Eat: Chunk             |     3 |     6 ||     9
Armor: Scale mail        |   107 |   113 ||   220
Dodge: Dodged            |    43 |    75 ||   118
Block: Shield            |    85 |   123 ||   208

Table legend:
 A = Non-vault XP
 B = Vault XP
 C = Vault XP percentage of total XP
 D = Non-vault monster count
 E = Vault monster count
 F = Vault count percentage of total count
                 A         B        C        D         E       F
            +---------+---------+-------+---------+---------+-------
      Total |     697 |       4 |   0.6 |      86 |       1 |   1.1
            +---------+---------+-------+---------+---------+-------
        D:1 |      21 |       0 |   0.0 |      14 |       0 |   0.0
        D:2 |     105 |       0 |   0.0 |      26 |       0 |   0.0
        D:3 |     232 |       0 |   0.0 |      33 |       0 |   0.0
        D:4 |     278 |       4 |   1.4 |      10 |       1 |   9.1
        D:5 |      61 |       0 |   0.0 |       3 |       0 |   0.0
            +---------+---------+-------+---------+---------+-------
